AoeStats
← 海峡

Arabia

508786682Analyzed
1v1 RM · 9d ago on Sep 24, 2026· 31m 47s· 2 players
Game mode
Random Map
Map size
Tiny (2 player)
Population
200
Speed
Normal
Resources
Standard
Victory
Conquest
Starting age
Dark Age
Ending age
Imperial Age
RankedLock teamsTeams togetherTeam positionsShared explorationLock speedFull tech treeHidden civsTurbo modeCheats
Victory
Defeat
🇨🇳 Dravidians · China
1589
+17
🇨🇱 Bengalis · Chile
1614
-17
海峡
5:06 Loom
9:39 Feudal Age
10:21 Double-Bit Axe
10:01 Man-at-Arms
13:06 Arson
13:50 Fletching
16:24 Scale Mail Armor
16:36 Horse Collar
20:05 Padded Archer Armor
25:04 Castle Age
23:45 Forging
24:27 Gold Mining
25:08 Long Swordsman
25:35 Gambesons
25:50 Squires
26:17 Chain Mail Armor
25:57 Elite Skirmisher
28:09 Wheelbarrow
29:47 Iron Casting
Alan_99
6:15 Loom
8:53 Feudal Age
9:19 Double-Bit Axe
9:15 Horse Collar
23:24 Castle Age
21:30 Fletching
21:57 Padded Archer Armor
24:00 Bodkin Arrow
23:26 Crossbowman
23:28 Elite Skirmisher
Connection lost

Rejoining the realm…

Still unreachable

The connection could not be restored.

Session expired

The server has moved on; the page needs a fresh start.